TOP OF THE 1ST |
Baffin Island Beavers batting - Pitching for Kalamazoo Royale with Cheese : LHP Octávio Ramírez
|
Pitching: LHP Octávio Ramírez
|
|
Batting: LHB Chris Bates
|
0-0: Foul Ball, location: 2F 0-1: Called Strike 0-2: Ball 1-2: SINGLE (Groundball, 34D)
|
Batting: RHB José García
|
0-0: Ball 1-0: Called Strike 1-1: Swinging Strike 1-2: Foul Ball, location: 2F 1-2: SINGLE (Groundball, 56D) Chris Bates to second
|
Batting: SHB Alonso Ferreira
|
0-0: Ground out 5-3 (Groundball, 5S) Chris Bates to third José García to second
|
Batting: RHB Tony Morton
|
0-0: Ball 1-0: Fly out, F3 (Popup, 3F)
|
Batting: LHB Jerry Bryan
|
0-0: Ball 1-0: Ball 2-0: Fly out, F7 (Flyball, 7M)
|
Top of the 1st over - 0 run(s), 2 hit(s), 0 error(s), 2 left on base; Baffin Island 0 - Kalamazoo 0 |
BOTTOM OF THE 1ST |
Kalamazoo Royale with Cheese batting - Pitching for Baffin Island Beavers : RHP Armando Pérez
|
Pitching: RHP Armando Pérez
|
|
Batting: LHB Bill Hall
|
0-0: Ball 1-0: Foul Ball, location: 2F 1-1: SINGLE (Groundball, 34D)
|
Batting: RHB Run-ming Zhu
|
0-0: Foul Ball, location: 2F 0-1: Ball 1-1: Grounds into double play, 5-4-3 (Groundball, 56)
|
Batting: LHB Jacob Wright
|
0-0: Called Strike 0-1: Called Strike 0-2: Ball 1-2: Foul Ball, location: 2F 1-2: SINGLE (Line Drive, 56D)
|
Batting: RHB Miguel Encarnación
|
0-0: TRIPLE (Flyball, 89XD) Jacob Wright scores
|
Batting: LHB Francisco Torres
|
0-0: Foul Ball, location: 2F 0-1: Ball 1-1: Called Strike 1-2: Ball 2-2: Foul Ball, location: 2F 2-2: Strikes out swinging
|
Bottom of the 1st over - 1 run(s), 3 hit(s), 0 error(s), 1 left on base; Baffin Island 0 - Kalamazoo 1 |
TOP OF THE 2ND |
Baffin Island Beavers batting - Pitching for Kalamazoo Royale with Cheese : LHP Octávio Ramírez
|
Batting: LHB Jeff Cole
|
0-0: Foul Ball, location: 2F 0-1: Foul Ball, location: 2F 0-2: Ball 1-2: Ball 2-2: Foul Ball, location: 2F 2-2: Ball 3-2: Ground out 1-3 (Groundball, 13)
|
Batting: RHB Bryan Sandstrom
|
0-0: Called Strike 0-1: Ball 1-1: Ball 2-1: Foul Ball, location: 2F 2-2: Ground out 4-3 (Groundball, 4)
|
Batting: LHB Keng-chi Lao
|
0-0: Ball 1-0: SINGLE (Flyball, 89S)
|
Batting: RHB Dave Craig
|
0-0: Ball 1-0: Foul Ball, location: 2F 1-1: Ball 2-1: Called Strike 2-2: Ground out 1-3 (Groundball, 15)
|
Top of the 2nd over - 0 run(s), 1 hit(s), 0 error(s), 1 left on base; Baffin Island 0 - Kalamazoo 1 |
BOTTOM OF THE 2ND |
Kalamazoo Royale with Cheese batting - Pitching for Baffin Island Beavers : RHP Armando Pérez
|
Batting: LHB Ben Moss
|
0-0: Ball 1-0: Ground out U3 (Groundball, 3)
|
Batting: LHB Jack Hewat
|
0-0: Swinging Strike 0-1: Ball 1-1: Ball 2-1: Called Strike 2-2: Foul Ball, location: 2F 2-2: Ball 3-2: Ground out 6-3 (Groundball, 6M)
|
Batting: SHB Jack Fountain
|
0-0: Foul Ball, location: 2F 0-1: Swinging Strike 0-2: Ball 1-2: Ball 2-2: Foul Ball, location: 2F 2-2: Strikes out swinging
|
Bottom of the 2nd over - 0 run(s), 0 hit(s), 0 error(s), 0 left on base; Baffin Island 0 - Kalamazoo 1 |
TOP OF THE 3RD |
Baffin Island Beavers batting - Pitching for Kalamazoo Royale with Cheese : LHP Octávio Ramírez
|
Batting: LHB Chris Bates
|
0-0: Ground out 4-3 (Groundball, 4)
|
Batting: RHB José García
|
0-0: Called Strike 0-1: Ball 1-1: Ball 2-1: SINGLE (Groundball, 34D)
|
Batting: SHB Alonso Ferreira
|
0-0: Foul Ball, location: 2F 0-1: Ball 1-1: SINGLE (Groundball, 4MD) José García to second
|
Batting: RHB Tony Morton
|
0-0: SINGLE (Line Drive, 9LS) José García to third Alonso Ferreira to second
|
Batting: LHB Jerry Bryan
|
0-0: Ball 1-0: Foul Ball, location: 2F 1-1: Called Strike 1-2: Strikes out swinging
|
Batting: LHB Jeff Cole
|
0-0: Ball 1-0: Called Strike 1-1: Ball 2-1: Foul Ball, location: 2F 2-2: Strikes out looking
|
Top of the 3rd over - 0 run(s), 3 hit(s), 0 error(s), 3 left on base; Baffin Island 0 - Kalamazoo 1 |
BOTTOM OF THE 3RD |
Kalamazoo Royale with Cheese batting - Pitching for Baffin Island Beavers : RHP Armando Pérez
|
Batting: LHB Dave Pitts
|
0-0: Called Strike 0-1: Ball 1-1: Foul Ball, location: 2F 1-2: Ball 2-2: Foul Ball, location: 2F 2-2: Foul Ball, location: 2F 2-2: Ball 3-2: Foul Ball, location: 2F 3-2: Foul Ball, location: 2F 3-2: Base on Balls
|
Batting: LHB Bill Hall
|
0-0: Ball Wild Pitch! Dave Pitts to second 1-0: Called Strike 1-1: Called Strike 1-2: Foul Ball, location: 2F 1-2: Foul Ball, location: 2F 1-2: Foul Ball, location: 2F 1-2: Ball 2-2: Ball 3-2: Fly out, F2 (Popup, 2LF)
|
Batting: RHB Run-ming Zhu
|
0-0: Called Strike 0-1: Fly out, F7 (Flyball, 7M)
|
Batting: LHB Jacob Wright
|
0-0: Ball 1-0: Ball 2-0: Foul Ball, location: 2F 2-1: Foul Ball, location: 2F 2-2: Ball 3-2: Foul Ball, location: 2F 3-2: Foul Ball, location: 2F 3-2: Base on Balls
|
Batting: RHB Miguel Encarnación
|
0-0: Ball 1-0: Foul Ball, location: 2F 1-1: Ball 2-1: Ground out 5-3 (Groundball, 5S)
|
Bottom of the 3rd over - 0 run(s), 0 hit(s), 0 error(s), 2 left on base; Baffin Island 0 - Kalamazoo 1 |
TOP OF THE 4TH |
Baffin Island Beavers batting - Pitching for Kalamazoo Royale with Cheese : LHP Octávio Ramírez
|
Batting: RHB Bryan Sandstrom
|
0-0: Ball 1-0: SOLO HOME RUN (Flyball, 7LD), Distance : 363 ft
|
Batting: LHB Keng-chi Lao
|
0-0: Called Strike 0-1: Reached on error, E3 (Groundball, 3S)
|
Batting: RHB Dave Craig
|
0-0: Ball 1-0: Foul Ball, location: 2F 1-1: Swinging Strike 1-2: Foul Ball, location: 2F 1-2: Strikes out swinging
|
Batting: LHB Chris Bates
|
0-0: Called Strike 0-1: Called Strike 0-2: Ball 1-2: Fly out, F5 (Popup, 5)
|
Batting: RHB José García
|
0-0: Foul Ball, location: 2F 0-1: Swinging Strike 0-2: Ball 1-2: Ball 2-2: Foul Ball, location: 2F 2-2: Ground out 6-3 (Groundball, 6)
|
Top of the 4th over - 1 run(s), 1 hit(s), 1 error(s), 1 left on base; Baffin Island 1 - Kalamazoo 1 |
BOTTOM OF THE 4TH |
Kalamazoo Royale with Cheese batting - Pitching for Baffin Island Beavers : RHP Armando Pérez
|
Batting: LHB Francisco Torres
|
0-0: Ball 1-0: Ball 2-0: Foul Ball, location: 2F 2-1: Foul Ball, location: 2F 2-2: Fly out, F9 (Flyball, 89D)
|
Batting: LHB Ben Moss
|
0-0: Swinging Strike 0-1: SOLO HOME RUN (Line Drive, 89XD), Distance : 436 ft
|
Batting: LHB Jack Hewat
|
0-0: Called Strike 0-1: Ball 1-1: Ball 2-1: Called Strike 2-2: Ball 3-2: Base on Balls
|
Batting: SHB Jack Fountain
|
0-0: Ball 1-0: Called Strike 1-1: Called Strike 1-2: Strikes out looking
|
Batting: LHB Dave Pitts
|
0-0: Ball 1-0: Ground out 4-3 (Groundball, 4)
|
Bottom of the 4th over - 1 run(s), 1 hit(s), 0 error(s), 1 left on base; Baffin Island 1 - Kalamazoo 2 |
TOP OF THE 5TH |
Baffin Island Beavers batting - Pitching for Kalamazoo Royale with Cheese : LHP Octávio Ramírez
|
Batting: SHB Alonso Ferreira
|
0-0: Ball 1-0: Called Strike 1-1: Foul Ball, location: 2F 1-2: Fly out, F9 (Flyball, 9D)
|
Batting: RHB Tony Morton
|
0-0: Ball 1-0: Ball 2-0: Called Strike 2-1: Ball 3-1: Fly out, F7 (Line Drive, 78D)
|
Batting: LHB Jerry Bryan
|
0-0: Called Strike 0-1: Called Strike 0-2: Ball 1-2: Strikes out swinging
|
Top of the 5th over - 0 run(s), 0 hit(s), 0 error(s), 0 left on base; Baffin Island 1 - Kalamazoo 2 |
BOTTOM OF THE 5TH |
Kalamazoo Royale with Cheese batting - Pitching for Baffin Island Beavers : RHP Armando Pérez
|
Pitching: RHP António Ramos
|
|
Batting: LHB Bill Hall
|
0-0: Ball 1-0: Called Strike 1-1: Ball 2-1: Called Strike 2-2: Ball 3-2: Fly out, F8 (Flyball, 8LXD)
|
Batting: RHB Run-ming Zhu
|
0-0: Foul Ball, location: 2F 0-1: Ball 1-1: Called Strike 1-2: Ball 2-2: Ground out 5-3 (Groundball, 56)
|
Batting: LHB Jacob Wright
|
0-0: Ball 1-0: Swinging Strike 1-1: Swinging Strike 1-2: Ball 2-2: Ball 3-2: SINGLE (Groundball, 34D)
|
Batting: RHB Miguel Encarnación
|
0-0: SINGLE (Groundball, 56D) Jacob Wright to second
|
Pitching: LHP Manuel Parra
|
|
Batting: LHB Francisco Torres
|
0-0: Called Strike 0-1: Swinging Strike 0-2: Ball 1-2: Strikes out swinging
|
Bottom of the 5th over - 0 run(s), 2 hit(s), 0 error(s), 2 left on base; Baffin Island 1 - Kalamazoo 2 |
TOP OF THE 6TH |
Baffin Island Beavers batting - Pitching for Kalamazoo Royale with Cheese : LHP Octávio Ramírez
|
Batting: LHB Jeff Cole
|
0-0: Called Strike 0-1: Ball 1-1: Foul Ball, location: 2F 1-2: Foul Ball, location: 2F 1-2: Foul Ball, location: 2F 1-2: Ball 2-2: Ball 3-2: TRIPLE (Line Drive, 9LS)
|
Batting: RHB Bryan Sandstrom
|
0-0: Fly out, F8 (Flyball, 8RXD) Runner from 3rd tags up, SCORES, no throw
|
Batting: LHB Keng-chi Lao
|
0-0: Called Strike 0-1: SINGLE (Groundball, 4MD)
|
Pitching: RHP Fergus Wakeford
|
|
Batting: RHB Dave Craig
|
0-0: Ball Keng-chi Lao steals 2nd base 1-0: Foul Ball, location: 2F 1-1: Ball 2-1: Called Strike 2-2: Strikes out swinging
|
Batting: LHB Chris Bates
|
0-0: Called Strike 0-1: Foul Ball, location: 2F 0-2: Foul Ball, location: 2F 0-2: Ground out U3 (Groundball, 3)
|
Top of the 6th over - 1 run(s), 2 hit(s), 0 error(s), 1 left on base; Baffin Island 2 - Kalamazoo 2 |
BOTTOM OF THE 6TH |
Kalamazoo Royale with Cheese batting - Pitching for Baffin Island Beavers : LHP Manuel Parra
|
Batting: LHB Ben Moss
|
0-0: Foul Ball, location: 2F 0-1: Ball 1-1: Foul Ball, location: 2F 1-2: Foul Ball, location: 2F 1-2: Ball 2-2: Foul Ball, location: 2F 2-2: Ground out 5-3 (Groundball, 56S)
|
Batting: LHB Jack Hewat
|
0-0: Ball 1-0: Foul Ball, location: 2F 1-1: SINGLE (Line Drive, 8LS)
|
Batting: SHB Jack Fountain
|
0-0: SINGLE (Groundball, 56D) Jack Hewat to second
|
Batting: LHB Dave Pitts
|
0-0: Ball 1-0: Foul Ball, location: 2F 1-1: Foul Ball, location: 2F 1-2: Fly out, F5 (Popup, 5F)
|
Batting: LHB Bill Hall
|
0-0: Foul Ball, location: 2F 0-1: Ball 1-1: Foul Ball, location: 2F 1-2: Fly out, F9 (Flyball, 89S)
|
Bottom of the 6th over - 0 run(s), 2 hit(s), 0 error(s), 2 left on base; Baffin Island 2 - Kalamazoo 2 |
TOP OF THE 7TH |
Baffin Island Beavers batting - Pitching for Kalamazoo Royale with Cheese : RHP Fergus Wakeford
|
Batting: RHB José García
|
0-0: Ground out 5-3 (Groundball, 5L)
|
Batting: SHB Alonso Ferreira
|
0-0: Foul Ball, location: 2F 0-1: DOUBLE (Flyball, 9D)
|
Batting: RHB Tony Morton
|
0-0: Ball 1-0: SINGLE (Line Drive, 34D) Alonso Ferreira to third Throwing error, E9 Alonso Ferreira scores Tony Morton to second
|
Pitching: LHP Morgan McDormand
|
|
Batting: LHB Jerry Bryan
|
0-0: Called Strike 0-1: Ball 1-1: Swinging Strike 1-2: Fly out, F8 (Flyball, 8RS)
|
Pitching: LHP Gian-Andrea Nota
|
|
Batting: LHB Jeff Cole
|
0-0: Ball 1-0: Swinging Strike 1-1: Foul Ball, location: 2F 1-2: Ball 2-2: Ground out 3-1 (Groundball, 34S)
|
Top of the 7th over - 1 run(s), 2 hit(s), 1 error(s), 1 left on base; Baffin Island 3 - Kalamazoo 2 |
BOTTOM OF THE 7TH |
Kalamazoo Royale with Cheese batting - Pitching for Baffin Island Beavers : LHP Manuel Parra
|
Pitching: RHP Eduardo Ramos
|
|
Batting: RHB Run-ming Zhu
|
0-0: Ball 1-0: Called Strike 1-1: Ball 2-1: Foul Ball, location: 2F 2-2: Foul Ball, location: 2F 2-2: SINGLE (Line Drive, 78M)
|
Batting: LHB Jacob Wright
|
0-0: Ball 1-0: Called Strike 1-1: Ball 2-1: Called Strike 2-2: Fly out, F9 (Flyball, 9M)
|
Pitching: RHP Alberto Vásquez
|
|
Batting: RHB Miguel Encarnación
|
0-0: Called Strike 0-1: Foul Ball, location: 2F 0-2: Ball 1-2: Foul Ball, location: 2F 1-2: Fly out, F7 (Flyball, 7S)
|
Batting: LHB Francisco Torres
|
0-0: Ball 1-0: Swinging Strike 1-1: Fly out, F4 (Popup, 3DF)
|
Bottom of the 7th over - 0 run(s), 1 hit(s), 0 error(s), 1 left on base; Baffin Island 3 - Kalamazoo 2 |
TOP OF THE 8TH |
Baffin Island Beavers batting - Pitching for Kalamazoo Royale with Cheese : LHP Gian-Andrea Nota
|
Batting: RHB Bryan Sandstrom
|
0-0: Ball 1-0: Ball 2-0: Called Strike 2-1: Foul Ball, location: 2F 2-2: Ball 3-2: Base on Balls
|
Batting: LHB Keng-chi Lao
|
0-0: Bunted foul 0-1: Ball 1-1: Sac Bunt - play at first, batter OUT! 1-4 Bryan Sandstrom to second
|
Pinch Hitting: RHB Mario López
|
0-0: Ground out 6-3 (Groundball, 6)
|
Batting: LHB Chris Bates
|
0-0: Ball 1-0: Swinging Strike 1-1: Foul Ball, location: 2F 1-2: Foul Ball, location: 2F 1-2: Ball 2-2: Ball 3-2: Fly out, F8 (Flyball, 89M)
|
Top of the 8th over - 0 run(s), 0 hit(s), 0 error(s), 1 left on base; Baffin Island 3 - Kalamazoo 2 |
BOTTOM OF THE 8TH |
Kalamazoo Royale with Cheese batting - Pitching for Baffin Island Beavers : RHP Alberto Vásquez
|
Pitching: RHP Bartolo García
|
|
Now at SS: Mario López
|
|
Batting: LHB Ben Moss
|
0-0: Called Strike 0-1: Swinging Strike 0-2: Ball 1-2: Ball 2-2: Ball 3-2: Base on Balls
|
Pinch Runner at 1st Fernando Martínez:
|
|
Batting: LHB Jack Hewat
|
0-0: Ball 1-0: Swinging Strike 1-1: Foul Ball, location: 2F 1-2: Ball 2-2: Ball 3-2: Grounds out, U3 (Groundball, 3L)
|
Pinch Hitting: RHB Juan Mendoza
|
0-0: Ball 1-0: Foul Ball, location: 2F 1-1: Swinging Strike 1-2: DOUBLE (Groundball, 5L) Fernando Martínez scores
|
Batting: LHB Dave Pitts
|
0-0: Ball 1-0: Ball 2-0: Foul Ball, location: 2F 2-1: Called Strike 2-2: Reached on error, E3 (Groundball, 3L) Juan Mendoza to third
|
Batting: LHB Bill Hall
|
0-0: Called Strike 0-1: Ball 1-1: Ball 2-1: Foul Ball, location: 2F 2-2: Foul Ball, location: 2F 2-2: Ball 3-2: SINGLE (Line Drive, 7LS) Juan Mendoza scores Dave Pitts to second
|
Batting: RHB Run-ming Zhu
|
0-0: Ball 1-0: Foul Ball, location: 2F 1-1: Swinging Strike 1-2: Foul Ball, location: 2F 1-2: SINGLE (Line Drive, 9S) Dave Pitts to third Bill Hall to second
|
Batting: LHB Jacob Wright
|
0-0: Ball 1-0: Called Strike Balk! Dave Pitts scores Bill Hall to third Run-ming Zhu to second 1-1: Intentional Walk
|
Pitching: RHP Martín Ortíz
|
|
Batting: RHB Miguel Encarnación
|
0-0: Ball 1-0: Ball 2-0: Called Strike 2-1: Swinging Strike 2-2: Ball 3-2: Strikes out looking
|
Batting: LHB Francisco Torres
|
0-0: Foul Ball, location: 2F 0-1: Foul Ball, location: 2F 0-2: Strikes out looking
|
Bottom of the 8th over - 3 run(s), 3 hit(s), 1 error(s), 3 left on base; Baffin Island 3 - Kalamazoo 5 |
TOP OF THE 9TH |
Baffin Island Beavers batting - Pitching for Kalamazoo Royale with Cheese : LHP Gian-Andrea Nota
|
Pitching: RHP Roberto Ledesma
|
|
Now at 1B: Juan Mendoza
|
|
Now in CF: Fernando Martínez
|
|
Batting: RHB José García
|
0-0: SINGLE (Line Drive, 7S)
|
Batting: SHB Alonso Ferreira
|
0-0: Called Strike 0-1: 2-RUN HOME RUN (Flyball, 9LD), Distance : 373 ft
|
Batting: RHB Tony Morton
|
0-0: SOLO HOME RUN (Flyball, 89XD), Distance : 436 ft
|
Batting: LHB Jerry Bryan
|
0-0: Ball 1-0: Swinging Strike 1-1: Ground out U3 (Groundball, 3)
|
Batting: LHB Jeff Cole
|
0-0: Called Strike 0-1: Ball 1-1: Ball 2-1: Ball 3-1: Called Strike 3-2: SINGLE (Flyball, 8RS)
|
Batting: RHB Bryan Sandstrom
|
0-0: Called Strike 0-1: Foul Ball, location: 2F 0-2: SINGLE (Groundball, 34D) Jeff Cole to second Runner from 2nd tries for 3rd, SAFE, no throw or cutoff
|
Batting: LHB Keng-chi Lao
|
0-0: Ground out 5-3 (Groundball, 5S) Bryan Sandstrom to second
|
Batting: RHB Mario López
|
0-0: Foul Ball, location: 2F 0-1: Ball 1-1: Called Strike 1-2: Ball 2-2: Foul Ball, location: 2F 2-2: Fly out, F3 (Popup, 3F)
|
Top of the 9th over - 3 run(s), 5 hit(s), 0 error(s), 2 left on base; Baffin Island 6 - Kalamazoo 5 |
BOTTOM OF THE 9TH |
Kalamazoo Royale with Cheese batting - Pitching for Baffin Island Beavers : RHP Martín Ortíz
|
Pitching: LHP Manny Sandoval
|
|
Batting: RHB Fernando Martínez
|
0-0: Foul Ball, location: 2F 0-1: Ball 1-1: SOLO HOME RUN (Flyball, 7D), Distance : 406 ft
|
Pinch Hitting: RHB Eugenio Lucero
|
0-0: Ball 1-0: Fly out, F8 (Flyball, 8LM)
|
Batting: RHB Juan Mendoza
|
0-0: Swinging Strike 0-1: Called Strike 0-2: Ball 1-2: Ball 2-2: Ball 3-2: Strikes out swinging
|
Batting: LHB Dave Pitts
|
0-0: Fly out, F7 (Flyball, 7LM)
|
Bottom of the 9th over - 1 run(s), 1 hit(s), 0 error(s), 0 left on base; Baffin Island 6 - Kalamazoo 6 |
TOP OF THE 10TH |
Baffin Island Beavers batting - Pitching for Kalamazoo Royale with Cheese : RHP Roberto Ledesma
|
Now at SS: Eugenio Lucero
|
|
Batting: LHB Chris Bates
|
0-0: Foul Ball, location: 2F 0-1: Foul Ball, location: 2F 0-2: Ball 1-2: Ball 2-2: Fly out, F8 (Flyball, 8RXD)
|
Batting: RHB José García
|
0-0: Called Strike 0-1: Swinging Strike 0-2: Foul Ball, location: 2F 0-2: Ball 1-2: Strikes out swinging
|
Batting: SHB Alonso Ferreira
|
0-0: SINGLE (Groundball, 4MD)
|
Batting: RHB Tony Morton
|
0-0: Ball 1-0: SINGLE (Line Drive, 9LS) Alonso Ferreira to second Runner from 2nd tries for 3rd, SAFE, no throw or cutoff
|
Batting: LHB Jerry Bryan
|
0-0: Ball 1-0: Called Strike 1-1: Ball 2-1: Fly out, F6 (Popup, 6)
|
Top of the 10th over - 0 run(s), 2 hit(s), 0 error(s), 2 left on base; Baffin Island 6 - Kalamazoo 6 |
BOTTOM OF THE 10TH |
Kalamazoo Royale with Cheese batting - Pitching for Baffin Island Beavers : LHP Manny Sandoval
|
Pinch Hitting: RHB Matt Perkins
|
0-0: Ball 1-0: Ball 2-0: Swinging Strike 2-1: Ball 3-1: Foul Ball, location: 2F 3-2: Foul Ball, location: 2F 3-2: Strikes out swinging
|
Batting: RHB Run-ming Zhu
|
0-0: Ball 1-0: Ball 2-0: Called Strike 2-1: Foul Ball, location: 2F 2-2: Strikes out swinging, 2-3 out at first.
|
Batting: LHB Jacob Wright
|
0-0: Called Strike 0-1: Ball 1-1: Ball 2-1: Foul Ball, location: 2F 2-2: Strikes out swinging
|
Bottom of the 10th over - 0 run(s), 0 hit(s), 0 error(s), 0 left on base; Baffin Island 6 - Kalamazoo 6 |
TOP OF THE 11TH |
Baffin Island Beavers batting - Pitching for Kalamazoo Royale with Cheese : RHP Roberto Ledesma
|
Now at 2B: Matt Perkins
|
|
Batting: LHB Jeff Cole
|
0-0: Ball 1-0: Ball 2-0: Called Strike 2-1: Ball 3-1: Called Strike 3-2: Base on Balls
|
Batting: RHB Bryan Sandstrom
|
0-0: Ball 1-0: Sac Bunt - play at second, runner OUT! 5-6
|
Batting: LHB Keng-chi Lao
|
0-0: Ball 1-0: Called Strike 1-1: SINGLE (Line Drive, 4MD) Bryan Sandstrom to second
|
Batting: RHB Mario López
|
0-0: Ball 1-0: Ball 2-0: Ball 3-0: Base on Balls Bryan Sandstrom to third Keng-chi Lao to second
|
Pitching: RHP Bernardo Robles
|
|
Batting: LHB Chris Bates
|
0-0: Ball 1-0: SINGLE (Groundball, 56D) (infield hit) Bryan Sandstrom scores Keng-chi Lao to third Mario López to second
|
Batting: RHB José García
|
0-0: Ball 1-0: Called Strike 1-1: Fly out, F8 (Flyball, 8LM) Runner from 3rd tags up, SCORES, throw made
|
Batting: SHB Alonso Ferreira
|
0-0: Fly out, F7 (Flyball, 7LMF)
|
Top of the 11th over - 2 run(s), 2 hit(s), 0 error(s), 2 left on base; Baffin Island 8 - Kalamazoo 6 |
BOTTOM OF THE 11TH |
Kalamazoo Royale with Cheese batting - Pitching for Baffin Island Beavers : LHP Manny Sandoval
|
Batting: RHB Miguel Encarnación
|
0-0: Called Strike 0-1: Ball 1-1: SINGLE (Groundball, 6MD)
|
Batting: LHB Francisco Torres
|
0-0: Called Strike 0-1: Foul Ball, location: 2F 0-2: Foul Ball, location: 2F 0-2: Ball 1-2: Strikes out swinging
|
Batting: RHB Fernando Martínez
|
0-0: 2-RUN HOME RUN (Flyball, 78XD), Distance : 431 ft
|
Pitching: LHP Thomas Heath
|
|
Batting: RHB Eugenio Lucero
|
0-0: Foul Ball, location: 2F 0-1: Ground out 6-3 (Groundball, 6)
|
Batting: RHB Juan Mendoza
|
0-0: Called Strike 0-1: Ball 1-1: Swinging Strike 1-2: Foul Ball, location: 2F 1-2: Foul Ball, location: 2F 1-2: Ball 2-2: SOLO HOME RUN (Flyball, 78XD), Distance : 430 ft
|
|